 Dungeon Crawl Stone Soup version 0.19.1 (webtiles) character file.

124 Gargo the Digger (level 5, -1/28 HPs)
             Began as a Gargoyle Earth Elementalist on Dec 9, 2016.
             Slain by an adder (2 damage)
             ... on level 3 of the Dungeon.
             The game lasted 00:08:02 (1130 turns).

Gargo the Digger (Gargoyle Earth Elementalist)      Turns: 1130, Time: 00:08:03

Health: -1/28      AC:  6    Str: 12    XL:     5   Next: 8%
Magic:  0/10       EV: 12    Int: 16    God:
Gold:   86         SH:  0    Dex: 10    Spells: 2 memorised, 7 levels left

rFire  . . .     SeeInvis .     b - 77 stones
rCold  + . .     Gourm    .     c - +0 robe
rNeg   + . .     Faith    .     (no shield)
rPois  ∞         Spirit   .     (no helmet)
rElec  +         Reflect  .     (no cloak)
rCorr  .         Harm     .     (no gloves)
MR     .....                    (no boots)
Stlth  +.........               (no amulet)
                                q - ring of loudness (curse)
                                h - ring of protection from cold

@: no status effects
A: negative energy resistance 1, electricity resistance, unbreathing,
petrification resistance, rot immunity, AC +4
a: no special abilities


You were on level 3 of the Dungeon.
You were not hungry.

You visited 1 branch of the dungeon, and saw 4 of its levels.

You collected 86 gold pieces.

Inventory:

Hand Weapons
 a - a +2 dagger of venom
 g - a +0 short sword
 m - a +0 dagger of electrocution
 o - a +1 dagger of venom
Missiles
 b - 77 stones (in hand)
Armour
 c - a +0 robe (worn)
Jewellery
 h - a ring of protection from cold (left hand)
 q - a cursed ring of loudness (right hand)
Scrolls
 f - a scroll of identify {unknown}
 i - 2 scrolls of teleportation
 p - a scroll of remove curse {unknown}
Potions
 j - a potion of lignification {unknown}
Books
 e - a book of Geomancy

   Spells                             Type                      Level
   a - Sandblast                      Earth                        1
   b - Passwall                       Transmutation/Earth          2
   c - Stone Arrow                    Conjuration/Earth            3
   d - Petrify                        Transmutation/Earth          4
   e - Lee's Rapid Deconstruction     Earth                        5
Comestibles
 d - 2 bread rations
 k - 2 fruits
 l - a meat ration
 n - 12 chunks of flesh


   Skills:
 - Level 1.5 Dodging
 - Level 2.1 Stealth
 * Level 3.9 Spellcasting
 + Level 1.3 Conjurations
   Level 0.7 Transmutations
 + Level 4.5 Earth Magic


You had 7 spell levels left.
You knew the following spells:

 Your Spells              Type           Power        Failure   Level  Hunger
a - Sandblast             Erth           ###...       2%          1    None
A - Stone Arrow           Conj/Erth      ##....       17%         3    ###....


Dungeon Overview and Level Annotations

Branches:
Dungeon (4/15)
 Temple: D:4-7

Altars:

Portals:
Sewer: D:3


Innate Abilities, Weirdness & Mutations

You are resistant to torment.
Your stone body is resilient. (AC +4)
You are immune to poison.
You resist negative energy. (rN+)
You are resistant to electric shocks. (rElec)
You can survive without breathing.
You are immune to petrification.
You are immune to rotting.


Message History

The adder bites you but does no damage.
Unknown command.
Casting: Sandblast
Confirm with . or Enter, or press ? or * to list all spells.
Aiming: Sandblast
Press: ? - help, Shift-Dir - straight line, f - adder
Aim: an adder The rocky blast misses the adder.
The adder barely misses you.
Casting: Sandblast
Confirm with . or Enter, or press ? or * to list all spells.
Aiming: Sandblast
Press: ? - help, Shift-Dir - straight line, f/p - adder
Aim: an adder The rocky blast misses the adder.
The adder bites you.
* * * LOW HITPOINT WARNING * * *
The adder bites you.
You die...

. .. #. #.
##.##.######### #+##
##.............###...##
........##.# #.##.....##
#######.#..# #.#.......##
#≈≈≈≈≈#....###..........#
#≈≈∩≈≈'.....S@..........+
#≈≈≈≈≈#...÷###..........#
#######.....##.#.......#
............)..##.....##
..##..####..######...## #
##. #..# ##'## #. ....#
#.# #. #.##.# #.# ... ..#
##.######


You could see an adder.

Vanquished Creatures
  7 adders
  An ooze (D:2)
  A dart slug (D:1)
  A leopard gecko (D:3)
  4 orcs (D:3)
  4 giant cockroaches
  5 goblins
  4 hobgoblins
  7 kobolds
  A quokka (D:3)
  2 ball pythons
  6 bats
  3 frilled lizards
  4 rats
50 creatures vanquished.

Notes
Turn   | Place    | Note
-------+----------+-------------------------------------------
     0 | D:1      | Gargo the Gargoyle Earth Elementalist began the quest for the Orb.
     0 | D:1      | Reached XP level 1. HP: 10/10 MP: 3/3
   128 | D:2      | Reached XP level 2. HP: 13/15 MP: 0/5
   273 | D:1      | Reached skill level 4 in Earth Magic
   407 | D:2      | Reached XP level 3. HP: 19/19 MP: 2/7
   412 | D:2      | Learned a level 3 spell: Stone Arrow
   938 | D:3      | Reached XP level 4. HP: 24/24 MP: 7/9
  1049 | D:3      | Found a glowing drain.
  1075 | D:3      | Reached skill level 1 in Conjurations
  1116 | D:3      | Reached XP level 5. HP: 6/28 MP: 1/10
  1130 | D:3      | HP: 1/28 [adder (4)]
  1130 | D:3      | Slain by an adder

Skill      XL: |  1  2  3  4 |
---------------+-------------+-----
Earth Magic    | 4 |  4.5
Spellcasting   | 3 |  3.9
Conjurations   | 1 |  1.3
Dodging        | |  1.5
Stealth        | |  2.1
Transmutations | |  0.7

Action                   |  1- 3 |  4- 6 || total
-------------------------+-------+-------++-------
Melee: Unarmed           |     4 |       ||     4
       Short sword       |     3 |       ||     3
       Dagger            |    22 |    32 ||    54
 Cast: Sandblast         |    40 |    28 ||    68
  Use: Scroll            |     3 |       ||     3
 Stab: Sleeping          |     2 |     1 ||     3
  Eat: Chunk             |       |     1 ||     1
Armor: Robe              |    17 |    21 ||    38
Dodge: Dodged            |    36 |    48 ||    84
